 Dungeon Crawl Stone Soup version 0.28.0-53-g5a82cb258f (webtiles) character file.

Game seed: 12518931320670955876

27542 Peloso the Fencer (level 13, -3/117 HPs)
             Began as a Minotaur Fighter on June 21, 2022.
             Was a High Priest of Okawaru.
             Slain by an orc knight
             ... wielding a +3 great sword
              (11 damage)
             ... on level 1 of the Orcish Mines.
             The game lasted 00:38:16 (18050 turns).

Peloso the Fencer (Minotaur Fighter)               Turns: 18050, Time: 00:38:17

Health: -3/117     AC: 25    Str: 23    XL:     13   Next: 4%
Magic:  10/12      EV: 11    Int:  5    God:    Okawaru [*****.]
Gold:   496        SH: 10    Dex: 13    Spells: 12/12 levels left

rFire   . . .      SeeInvis .   a - -1 double sword (venom)
rCold   . . .      Faith    .   e - +2 buckler {reflect}
rNeg    . . .      Spirit   .   A - +0 plate armour
rPois   +          Reflect  +   d - +2 hat
rElec   .          Harm     .   z - +1 cloak {rPois}
rCorr   .          Rampage  .   (no gloves)
Will    .....                   k - +0 pair of boots
Stlth   ..........              n - amulet of regeneration
HPRegen 1.09/turn               f - ring "Sotipp" {Fly Slay+4}
MPRegen 0.13/turn               (no ring)

@: heroic, flying
A: horns 2, retaliatory headbutt
a: Renounce Religion, Heroism, Finesse, Duel


You were on level 1 of the Orcish Mines.
You worshipped Okawaru.
Okawaru was extremely pleased with you.
You visited 3 branches of the dungeon, and saw 16 of its levels.

You collected 939 gold pieces.
You spent 443 gold pieces at shops.

Inventory:

Hand Weapons
 a - a -1 double sword of venom (weapon)
 b - a +0 falchion of holy wrath
Missiles
 g - 4 throwing nets (quivered)
Armour
 c - a +0 buckler
 d - a +2 hat (worn)
 e - a +2 buckler of reflection (worn)
 k - a +0 pair of boots (worn)
 z - a +1 cloak of poison resistance (worn)
 A - a +0 plate armour (worn)
Jewellery
 f - the ring "Sotipp" (left hand) {Fly Slay+4}
   (You found it on level 10 of the Dungeon)

   [ring of slaying]

   Slay:      It affects your accuracy & damage with ranged weapons and melee
   (+4).
   Fly:       It grants you flight.
 n - an amulet of regeneration (around neck)
 q - a ring of positive energy
 r - a ring of protection from fire
 x - an amulet of magic regeneration
 y - an amulet of the acrobat
 B - a +6 ring of intelligence
 C - a ring of fire
Wands
 u - a wand of flame (31)
 H - a wand of iceblast (15)
 J - a wand of charming (3)
 K - a wand of paralysis (9)
 L - a wand of polymorph (8)
Scrolls
 h - 5 scrolls of identify
 i - 2 scrolls of magic mapping
 m - 6 scrolls of enchant armour
 o - 3 scrolls of fog
 p - a scroll of immolation
 v - a scroll of amnesia
Potions
 j - 7 potions of curing
 l - a potion of brilliance
 s - a potion of invisibility
 t - 5 potions of haste
 w - 2 potions of heal wounds
 D - a potion of berserk rage
 G - a potion of resistance
 I - a potion of flight


   Skills:
 + Level 11.7(16.7) Fighting
 + Level 16.4(21.4) Long Blades
 + Level 14.3(19.3) Armour
 + Level 4.3(9.3) Dodging
 + Level 2.1(7.1) Stealth
 + Level 9.7(14.7) Shields
 + Level 0.3 Invocations
 + Level 1.5 Evocations


You had 12 spell levels left.
You didn't know any spells.
Your spell library contained the following spells:

 Spells                   Type           Power      Damage    Failure   Level
 Pain                     Necr           0%         1d4       98%         1
 Sandblast                Erth           0%         2d4       98%         1
 Shock                    Conj/Air       0%         1d3       98%         1
 Ensorcelled Hibernation  Hex/Ice        0%         N/A       99%         2
 Passwall                 Tmut/Erth      0%         N/A       99%         2
 Dazzling Flash           Conj/Hex       0%         N/A       100%        3
 Gell's Gravitas          Tloc           0%         N/A       100%        3
 Lesser Beckoning         Tloc           0%         N/A       100%        3
 Stone Arrow              Conj/Erth      0%         3d7       100%        3
 Swiftness                Air            0%         N/A       100%        3
 Teleport Other           Tloc           0%         N/A       100%        3
 Vampiric Draining        Necr           0%         2d6       100%        3
 Airstrike                Air            0%         N/A       100%        4
 Agony                    Necr           0%         N/A       100%        5
 Silence                  Hex/Air        0%         N/A       100%        5
 Lehudib's Crystal Spear  Conj/Erth      0%         10d2      100%        8
 Animate Skeleton         Necr           Unusable   N/A       N/A         1
 Animate Armour           Summ/Erth      Unusable   N/A       N/A         4

Dungeon Overview and Level Annotations

Branches:
Dungeon (11/15)            Temple (0/1) D:6            Lair (3/6) D:9
 Spider (0/4) Lair:2          Orc (2/2) D:11
  Swamp: Lair:2-4    Shoals: Lair:2-4       Elf: Orc:2

Altars:
Dithmenos
Elyvilon
Gozag
Hepliaklqana
Nemelex Xobeh
Okawaru
Qazlal
Ru
Trog
The Shining One

Shops:
D:3 *   D:6 *   D:7 *

Annotations:
D:11 exclusion: orange crystal statue
Lair:2 2 transporters, balagan2's ghost, journeyman GnFE
Orc:2 Saint Roka


Innate Abilities, Weirdness & Mutations

You have a pair of horns on your head.
You reflexively headbutt those who attack you in melee.


Message History

Saint Roka mumbles some strange prayers to Beogh against you.
Beogh smites you!
You hear a howl!
You hear a shout!
You slash the orc!
You kill the orc!
Okawaru accepts your kill.
A warg comes into view.
The orc warrior no longer looks unusually strong.
There is a stone staircase leading up here.
The orc knight roars a battlecry!
Saint Roka roars a battlecry!
The orc knight goes into a battle-frenzy!
The orc no longer looks unusually strong.
An orc wizard comes into view. It is wielding a +0 dagger.
An orc warrior comes into view. It is wielding a +0 long sword.
The orc priest calls down the wrath of Beogh upon you.
Beogh smites you!
Saint Roka roars a battlecry!
The orc goes into a battle-frenzy!
There is a stone staircase leading up here.
The orc knight barely misses you.
The orc priest begins to cast a cantrip, but forgets the words!
You fly upwards.
There is a stone staircase leading down here.
Unknown command.
You gain the combat prowess of a mighty hero.
The orc knight hits you with a +3 great sword!
You hit the orc knight.
The orc knight is poisoned.
Your headbutt misses the orc knight.
The orc knight is lightly wounded.
The orc knight hits you with a +3 great sword!!
* * * LOW HITPOINT WARNING * * *
You completely miss the orc knight.
The orc knight is lightly wounded.
The orc knight hits you with a +3 great sword!
* * * LOW HITPOINT WARNING * * *
You slash the orc knight!
The orc knight looks as sick as possible!
The orc knight is moderately wounded.
The orc knight hits you with a +3 great sword!
You die...

##.......## #.........#
######....#..##
##..#..........###
#................##
##................#
#............#...#
###......#.....#..## ###
##.#...@o.......>...# ##.##
#............#.....## ##...#
##.#.........##.#...# #....###
####.........##....###
#...#..######.###......#.#.....##
#.....)<#.##..............#.....#
##.##.)#)).#..)....#............#
#.....[##)#[).......#.....#......
#.......#.)..).....###...###.....


You could see an orc knight (strong, extremely poisoned).

Vanquished Creatures
  Gastronok (Lair:2)
  A boulder beetle (D:10)
  3 hydras
  2 centaur warriors (D:11)
  A catoblepas (Lair:2)
  A two-headed ogre (D:11)
  An orc high priest (Orc:1)
  An ugly thing (D:8)
  2 cyclopes (D:11)
  2 black mambas
  Maggie (Lair:2)
  6 cane toads
  A rime drake (Lair:1)
  4 komodo dragons
  A kobold demonologist (D:11)
  2 trolls (D:11)
  A polar bear (Lair:2)
  12 blink frogs
  4 wyverns
  21 yaks
  A wraith (D:10)
  4 basilisks
  3 redbacks (Lair:2)
  Menkaure (D:7)
  6 wargs
  2 vampire mosquitoes (D:11)
  6 water moccasins
  An ice beast (D:5)
  A sky beast (D:7)
  A necrophage (D:5)
  12 orc warriors
  4 ogres
  10 wolves (Lair:1)
  3 centaurs
  2 phantoms
  9 bullfrogs
  5 kobold brigands
  5 scorpions
  A wyvern zombie (D:7)
  A water moccasin zombie (D:6)
  A water moccasin skeleton (D:4)
  7 killer bees
  4 wights (D:9)
  An electric eel (D:6)
  A crimson imp (D:4)
  3 howler monkeys (D:10)
  A bullfrog zombie (D:3)
  4 jellies
  3 centaur zombies
  2 hounds
  8 orc priests
  Crazy Yiuf (D:5)
  10 orc wizards
  Ijyb (D:4)
  4 iguanas
  2 killer bee zombies
  2 howler monkey zombies
  Robin (D:3)
  4 adders (D:4)
  A gnoll (D:9)
  A shadow imp (D:8)
  An adder skeleton (D:4)
  2 worms (D:2)
  2 dart slugs (D:2)
  38 orcs
  10 ball pythons
  3 bats
  7 endoplasms
  6 giant cockroaches
  12 goblins
  17 hobgoblins
  7 jackals (D:4)
  4 quokkas
  5 frilled lizards
  A goblin zombie (D:4)
  2 hobgoblin zombies (D:4)
  11 kobolds
  2 kobold skeletons (D:4)
  4 kobold zombies (D:4)
  2 orc skeletons (D:4)
  5 rats
349 creatures vanquished.

Vanquished Creatures (others)
  4 fungi
  A plant (Lair:1)
5 creatures vanquished.

Grand Total: 354 creatures vanquished

Notes
Turn   | Place    | Note
-------+----------+-------------------------------------------
     0 | D:1      | Peloso the Minotaur Fighter began the quest for the Orb.
     0 | D:1      | Reached XP level 1. HP: 19/19 MP: 0/0
   173 | D:1      | Reached XP level 2. HP: 27/27 MP: 1/1
   634 | D:2      | Reached XP level 3. HP: 33/33 MP: 2/2
   706 | D:2      | Found a faded altar of an unknown god.
   896 | D:2      | Reached skill level 3 in Long Blades
  1248 | D:3      | Found Wunwiopt's Assorted Antiques.
  1300 | D:3      | Noticed Robin
  1326 | D:3      | Reached XP level 4. HP: 33/40 MP: 3/3
  1331 | D:3      | Killed Robin
  1648 | D:3      | Reached skill level 4 in Long Blades
  1945 | D:4      | Identified the +3 ring mail "Rioliel" {rPois}
  1962 | D:4      | Reached XP level 5. HP: 47/47 MP: 4/4
  2209 | D:4      | Reached skill level 5 in Armour
  2359 | D:4      | Noticed Ijyb
  2380 | D:4      | Killed Ijyb
  2381 | D:4      | Reached skill level 5 in Long Blades
  2774 | D:4      | Found a glowing golden altar of the Shining One.
  2799 | D:4      | Reached XP level 6. HP: 53/53 MP: 5/5
  2940 | D:3      | Bought a runed falchion for 198 gold pieces
  2979 | D:5      | Entered Level 5 of the Dungeon
  3130 | D:5      | Reached skill level 1 in Dodging
  3282 | D:5      | Reached skill level 6 in Long Blades
  3452 | D:5      | Reached XP level 7. HP: 35/60 MP: 6/6
  3638 | D:5      | Reached skill level 5 in Fighting
  3999 | D:5      | Reached skill level 7 in Long Blades
  4159 | D:5      | Found a white marble altar of Elyvilon.
  4159 | D:5      | Found a sacrificial altar of Ru.
  4304 | D:5      | Found a runed translucent door.
  4305 | D:5      | Noticed Crazy Yiuf
  4313 | D:5      | Killed Crazy Yiuf
  4408 | D:5      | Reached skill level 5 in Shields
  4528 | D:6      | Reached XP level 8. HP: 58/69 MP: 7/7
  4639 | D:6      | Found Lalom's Lightly-Used Armoury.
  4669 | D:6      | Reached skill level 8 in Long Blades
  4679 | D:6      | Reached skill level 1 in Stealth
  5296 | D:6      | Noticed a cyclops
  5394 | D:6      | Reached skill level 9 in Long Blades
  5394 | D:6      | Reached XP level 9. HP: 43/78 MP: 8/8
  5723 | D:7      | Found an opulent altar of Gozag.
  5897 | D:7      | Found Gotruwif's General Store.
  6143 | D:7      | Noticed Menkaure
  6161 | D:7      | Killed Menkaure
  6377 | D:7      | Found a shadowy altar of Dithmenos.
  6677 | D:7      | Found a sparkling altar of Nemelex Xobeh.
  6978 | D:8      | Noticed a white ugly thing
  7003 | D:8      | Killed a white ugly thing
  7004 | D:8      | Reached skill level 10 in Long Blades
  7004 | D:8      | Reached skill level 1 in Evocations
  7364 | D:8      | Found a stormy altar of Qazlal.
  7826 | D:8      | Found a hazy altar of Hepliaklqana.
  8352 | D:9      | Reached XP level 10. HP: 44/86 MP: 9/9
  8574 | D:9      | Identified the +10 trident of Niekiel {spect, Fragile rPois
                  | rF+++ SInv}
  9037 | D:9      | Found an iron altar of Okawaru.
  9052 | D:9      | Became a worshipper of Warmaster Okawaru
  9103 | D:9      | Reached skill level 11 in Long Blades
  9684 | D:9      | Found a staircase to the Lair.
 10148 | D:8      | Reached skill level 10 in Armour
 10166 | D:8      | Reached * piety under Okawaru
 10872 | D:3      | Bought a fuming golden potion for 29 gold pieces
 10872 | D:3      | Bought a scroll labelled LORUHO JINOSH for 33 gold pieces
 10872 | D:3      | Bought a scroll labelled LORUHO JINOSH for 33 gold pieces
 10955 | D:6      | Bought a -1 double sword for 150 gold pieces
 11308 | D:6      | Found a staircase to the Ecumenical Temple.
 11563 | D:10     | Entered Level 10 of the Dungeon
 11570 | D:10     | Reached skill level 12 in Long Blades
 11576 | D:10     | Identified the ring "Sotipp" {Fly Slay+4}
 11684 | D:10     | Identified the +2 robe of Midsummer {rPois rN++ Str-4}
 11793 | D:10     | Noticed a boulder beetle
 11808 | D:10     | Killed a boulder beetle
 11808 | D:10     | Reached ** piety under Okawaru
 12090 | D:11     | Noticed a two-headed ogre
 12112 | D:11     | Killed a two-headed ogre
 12169 | D:11     | Noticed a cyclops
 12180 | D:11     | Killed a cyclops
 12180 | D:11     | Reached *** piety under Okawaru
 12181 | D:11     | Reached skill level 13 in Long Blades
 12181 | D:11     | Reached XP level 11. HP: 75/95 MP: 10/10
 12299 | D:11     | Found a staircase to the Orcish Mines.
 12423 | D:11     | Noticed an orange crystal statue
 12931 | D:11     | Noticed a centaur warrior
 12949 | D:11     | Noticed a centaur warrior
 12959 | D:11     | Killed a centaur warrior
 12964 | D:11     | Noticed a four-headed hydra
 12966 | D:11     | Killed a centaur warrior
 12966 | D:11     | Reached **** piety under Okawaru
 12976 | D:11     | Killed a four-headed hydra
 12977 | D:11     | Reached skill level 14 in Long Blades
 13435 | D:11     | Noticed a two-headed ogre
 13497 | D:11     | HP: 4/97 [manticore[an orange crystal statue] (3)]
 13862 | Lair:1   | Entered Level 1 of the Lair of Beasts
 14061 | Lair:1   | Reached ***** piety under Okawaru
 14445 | Lair:1   | Reached skill level 10 in Fighting
 14495 | Lair:1   | Reached XP level 12. HP: 100/106 MP: 11/11
 14551 | Lair:1   | Noticed a five-headed hydra
 14581 | Lair:1   | Killed an eight-headed hydra
 14581 | Lair:1   | Identified the +0 scale mail "Efut" {Str+8 Dex-2} (Okawaru
                  | gifted it to you on level 1 of the Lair of Beasts)
 14581 | Lair:1   | Received a gift from Okawaru
 14983 | Lair:1   | Noticed an eight-headed hydra
 14994 | Lair:1   | Killed a 12-headed hydra
 15229 | Lair:1   | Reached skill level 15 in Long Blades
 15714 | Lair:2   | Noticed a catoblepas
 15731 | Lair:2   | Killed a catoblepas
 15775 | Lair:2   | Noticed Maggie
 15797 | Lair:2   | Killed Maggie
 16050 | Lair:2   | Noticed Gastronok
 16067 | Lair:2   | Killed Gastronok
 16120 | Lair:2   | Noticed balagan2's ghost (journeyman GnFE)
 16132 | Lair:2   | Found a bloodstained altar of Trog.
 16624 | Lair:2   | Found a hole to the Spider Nest.
 16637 | Lair:2   | Reached skill level 16 in Long Blades
 16798 | Lair:2   | Found a transporter.
 16798 | Lair:2   | Found a transporter.
 17223 | Lair:3   | Identified the +3 kite shield of Knowledge {Drain Int+6
                  | Slay-5} (Okawaru gifted it to you on level 3 of the Lair of
                  | Beasts)
 17223 | Lair:3   | Received a gift from Okawaru
 17676 | Orc:1    | Entered Level 1 of the Orcish Mines
 17701 | Orc:1    | Noticed an orc high priest
 17797 | Orc:1    | Reached XP level 13. HP: 116/116 MP: 12/12
 18026 | Orc:2    | Entered Level 2 of the Orcish Mines
 18030 | Orc:2    | Noticed Saint Roka
 18050 | Orc:1    | Slain by an orc knight

Illustrated notes

Levels and vault maps discovered:
D:1:      lightli_arrival_chessboard, layout_basic
D:2:      layout_rooms, chequers_ecumenical_altar_island, minmay_between
D:3:      layout_rooms, serial_shops, nicolae_shop_hallway_plus,
          minmay_misc_feat_chi, minmay_misc_feat_tower, minmay_quadrilaterals,
          uniq_robin
D:4:      layout_loops_ring, nicolae_tso_besieged_by_evil, uniq_ijyb
D:5:      layout_loops_cross, gammafunk_temple_overflow_pools,
          uniq_crazy_yiuf_cottage
D:6:      layout_loops_ring, temple_hall, grunt_ministairs_11, minivault_4,
          grunt_decor_clamped, minmay_shop_damaged, grunt_decor_cap,
          nicolae_lava_and_water
D:7:      layout_basic, mainiacjoe_overflow_six_doors_small,
          nicolae_dithmenos_the_darkroom, nemelex_spade_bored_becter,
          serial_shops, shop, chequers_serial_rivers_micro_c, uniq_menkaure
D:8:      layout_cave_pods, mainiacjoe_overflow_cross_hatched,
          kennysheep_little_box
D:9:      layout_stronghold, okawaru_altar_gauntlet_db, david_lair_generic
D:10:     layout_rooms
D:11:     minmay_chambers_of_sixes, layout_basic, david_orc_3,
          minmay_statue_bubble
Lair:1:   layout_roguey
Lair:2:   layout_regular_city, spider_nest_entry_webs,
          gammafunk_ghost_wrathful_warriors, serial_bayou_shore_b,
          lemuel_fruit_tree, uniq_maggie, uniq_gastronok
Lair:3:   layout_loops_ring
Orc:1:    layout_caves, serial_shops
Orc:2:    grunt_orc_cross, layout_caves

Skill      XL: |  1  2  3  4  5  6  7  8  9 10 11 12 |
---------------+-------------------------------------+-----
Armour         | 4 5 6 7 9 11 12 14 | 14.3
Fighting       | 4 5 6 7 8 10 11 | 11.7
Long Blades    | 3 4 5 6 7 9 10 13 14 16 | 16.4
Shields        | 4 5 6 7 8 9 |  9.7
Dodging        | 1 2 3 4 |  4.3
Stealth        | 1 2 |  2.1
Evocations     | 1 |  1.5
Invocations    | |  0.3

Action                   |  1- 3 |  4- 6 |  7- 9 | 10-12 | 13-15 || total
-------------------------+-------+-------+-------+-------+-------++-------
Melee: Long sword        |   125 |   117 |       |       |       ||   242
       Headbutt          |    17 |    32 |    65 |   127 |     4 ||   245
       Falchion          |       |    39 |   286 |    92 |       ||   417
       Double sword      |       |       |       |   457 |    25 ||   482
Invok: Heroism           |       |       |       |     3 |     1 ||     4
Evoke: Wand              |       |       |     2 |     7 |       ||     9
  Use: Scroll            |     1 |       |       |    20 |       ||    21
       Potion            |       |       |       |     3 |       ||     3
Armor: Scale mail        |    33 |       |       |       |       ||    33
       Chain mail        |    30 |    30 |    37 |       |       ||    97
       Ring mail         |       |    37 |     4 |       |       ||    41
       Plate armour      |       |       |    84 |   289 |     9 ||   382
Dodge: Dodged            |    55 |    51 |    90 |   160 |     4 ||   360
Block: Buckler           |    27 |    33 |    71 |   187 |    10 ||   328
       Reflection        |       |       |     1 |    13 |       ||    14
